Ben, chaotic male elven Wizard ----- |<..--- |.....---- --..|....|.- --.|-.....-- --|.........|--- ----- ----%|....|..----...-- -.---..|....|.....---- ------ ..|.............-.-%-- |%..%| -.%....-...........@.----- |....| |.)..... .|...........--- ---%-- ---....-------.(.---......- ---- -.---....|...-|..|..|-.. --...| . |..|-...%.....|..--|..|..| -....|. |..-.....((........-|---.-----%.-|....... -----.....(....----..)...........%....`... |..............-- |-.--%---------......... |.-----.......).| |...|.|.(%(| -........ |...| --..------- |...|.-.(!.| ---.....- |...| ---- ------|.(((| ----- ----- ------ Ben the Thaumaturge Experience level: 9 Strength: 12 Dexterity: 10 Constitution: 16 Intelligence: 22 Wisdom: 13 Charisma: 7 Health: 53(66) Energy: 129(129) AC: -4 Gold: 202 Moves: 3537 Your Inventory: Coins $ - 202 gold pieces Weapons a - a blessed +5 quarterstaff (weapon in hands) Armor b - an uncursed +0 cloak of magic resistance (being worn) G - an uncursed +3 pair of iron shoes of brilliance (being worn) M - an uncursed +0 dwarvish mithril-coat (being worn) N - an uncursed +0 dwarvish iron helm (being worn) Comestibles n - an [uncursed] lichen corpse p - 2 [uncursed] tripe rations A - an [uncursed] tripe ration B - 2 [uncursed] food rations Scrolls o - a [blessed] scroll of teleportation L - 2 uncursed scrolls of teleportation P - a [blessed] unlabeled scroll [of blank paper] Q - a [cursed] unlabeled scroll [of blank paper] Spellbooks k - a blessed spellbook of force bolt l - an uncursed spellbook of sleep t - an [uncursed] spellbook of create monster u - an [uncursed] spellbook of cure blindness Potions f - an uncursed potion of see invisible h - an [uncursed] potion of hallucination Rings d - an uncursed ring of invisibility (on right hand) e - an uncursed ring of protection from shape changers (on left hand) Wands c - an uncursed wand of lightning (0:6) g - an [uncursed] wand of striking [0:2] S - an [uncursed] nickel wand [of undead turning (0:5)] Tools m - an uncursed magic marker (0:36) q - an [uncursed +0] unicorn horn Gems I - an [uncursed] green gem [emerald] K - an [uncursed] green gem [jade] U - 3 [uncursed] orange gems [worthless glass] X - an [uncursed] blue gem [worthless glass] Y - an [uncursed] yellowish brown gem [worthless glass] Z - an [uncursed] black gem [worthless glass] Spells known in the end: Name Level Category Fail Memory a - force bolt 1 attack 93% [||||||||] b - sleep 1 enchantment 93% [|||||||.] c - create monster 2 clerical 93% [|||||||.] d - cure blindness 2 healing 93% [|||||||.] Your skills at the end: Fighting Skills Weapon Skills quarterstaff [Basic / Expert] Spellcasting Skills attack spells [Basic / Expert] enchantment spells [Basic / Skilled] Final Attributes: You were piously aligned. Hunger level was 677. Your alignment was 27 / 27. Monster difficulty range was 1 - 8. Level difficulty was 7. You were immune to sleep. You were magic-protected. You saw invisible. You were telepathic. You had infravision. You were invisible to others. You were protected from shape changers. You were lucky (1). You are dead. Vanquished creatures: 4 small mimics 3 wolves a gnome king a werewolf 4 chickatrices a white unicorn a gnome mummy a rock piercer a pony a violet fungus 5 gnome lords a gnomish wizard a kobold mummy a red naga hatchling a paper golem a wax golem a baby crocodile 2 floating eyes 10 dwarves a kobold shaman a giant bat an iguana an acid blob a gas spore a hobbit a large kobold 4 giant rats a brown mold 42 gnomes 2 geckos 3 jackals a fox 2 goblins 2 grid bugs 6 lichens a kobold zombie 3 newts 115 creatures vanquished. Voluntary challenges: You used a wielded weapon 152 times. You read items or engraved 11 times. You put on armor 5 times. You never genocided any monsters. You never polymorphed an object. You never changed form. You used no wishes. You never wrote Elbereth's name. You never encountered a bones level. You never used any Sokoban shortcuts. Dungeon overview: The Dungeons of Doom: levels 1 to 3 Level 1 a long staircase Level 3 stairs to The Gnomish Mines The Gnomish Mines: levels 4 to 7 Level 4 stairs to The Dungeons of Doom Level 7 <- You were here some shops, a fountain History has recorded: On T:1 you entered the Dungeons of Doom to retrieve the Amulet of Yendor! On T:91 you advanced to experience level 2. On T:420 you advanced to experience level 3. On T:668 you reached level 2 of The Dungeons of Doom. On T:684 you advanced to experience level 4. On T:1149 you reached level 3 of The Dungeons of Doom. On T:1321 you advanced to experience level 5. On T:1460 you reached level 1 of The Gnomish Mines. On T:1551 you advanced to experience level 6. On T:1884 you reached level 2 of The Gnomish Mines. On T:2069 you advanced to experience level 7. On T:2627 you reached level 3 of The Gnomish Mines. On T:3149 you advanced to experience level 8. On T:3176 you reached level 4 of The Gnomish Mines. On T:3470 you advanced to experience level 9. Latest messages: The wax golem hits! The wax golem touches you! [HP-1=49] You destroy the wax golem! [HP+1=50] [HP+1=51] The chickatrice misses. (2x) [HP+1=52] You hit the chickatrice! The chickatrice misses. The chickatrice touches you! You hear the chickatrice's hissing! You are slowing down. You kill the chickatrice! Your limbs are stiffening. The nickel wand glows and fades. Your limbs have turned to stone. You have turned to stone. [HP+1=53] You are a statue. Final status: Goodbye Ben the Wizard... You turned to stone in The Gnomish Mines on dungeon level 7 with 4486 points, and 202 pieces of gold, after 3537 moves. You were level 9 with a maximum of 66 hit points when you turned to stone.